 Dungeon Crawl Stone Soup version 0.28-a0-664-gc179e30c89 (webtiles) character file.

Game seed: 5059604042290300165

10952 mordus the Blocker (level 12, -30/81 HPs)
             Began as a Formicid Fighter on Oct 15, 2021.
             Was an Elder of the Shining One.
             Killed from afar by Fannar (34 damage)
             ... with a bolt of cold
             ... on level 12 of the Dungeon.
             The game lasted 00:14:57 (10063 turns).

mordus the Blocker (Formicid Fighter)              Turns: 10063, Time: 00:14:58

Health: -30/81     AC: 27    Str: 25    XL:     12   Next: 1%
Magic:  15/15      EV:  7    Int:  9    God:    the Shining One [****..]
Gold:   506        SH: 11    Dex: 10    Spells: 11/11 levels left

rFire   . . .      SeeInvis +   u - +8 glaive of the Guard {elec, spectral, AC+5}
rCold   . . .      Faith    .   c - +0 buckler
rNeg    + + .      Spirit   .   v - +0 plate armour
rPois   .          Reflect  +   (helmet unavailable)
rElec   .          Harm     .   x - +1 cloak
rCorr   .          Rampage  .   (no gloves)
Will    +....                   t - +0 pair of boots
Stlth   ..........              z - amulet of reflection
HPRegen 0.23/turn               e - +4 ring of protection
MPRegen 0.14/turn               (no ring)

@: lethally poisoned (-30 -> -70), glowing
A: permanent stasis, dig shafts and tunnels, antennae 3, four strong arms
a: Dig, Shaft Self, Renounce Religion, Divine Shield, Cleansing Flame


You were on level 12 of the Dungeon.
You worshipped the Shining One.
The Shining One was greatly pleased with you.
You visited 2 branches of the dungeon, and saw 13 of its levels.

You collected 519 gold pieces.
You spent 13 gold pieces at shops.

Inventory:

Hand Weapons
 k - a +3 whip of electrocution
 u - the +8 glaive of the Guard (weapon) {elec, spectral, AC+5}
   (You found it on level 4 of the Dungeon)

   It occasionally discharges a powerful burst of electricity upon striking a
   foe.
   When it strikes, its spirit leaps out and fights alongside the wielder.
   AC:        It affects your AC (+5).
Missiles
 b - a throwing net
Armour
 c - a +0 buckler (worn)
 t - a +0 pair of boots (worn)
 v - a +0 plate armour (worn)
 x - a +1 cloak (worn)
Jewellery
 a - an amulet of magic regeneration
 e - a +4 ring of protection (left hand)
 m - a ring of protection from fire
 z - an amulet of reflection (around neck)
 B - an amulet of the acrobat
 E - a ring of protection from cold
Wands
 r - a wand of flame (18)
 w - a wand of acid (8)
 y - a wand of iceblast (17)
 C - a wand of digging (8)
Scrolls
 g - a scroll of vulnerability
 h - a scroll of enchant armour
 j - 2 scrolls of fear
 n - 4 scrolls of identify
 q - a scroll of amnesia {unknown}
 F - a scroll of summoning
Potions
 d - 3 potions of might
 f - 4 potions of lignification
 i - 6 potions of curing
 l - 2 potions of brilliance
 o - a potion of resistance
 p - a potion of heal wounds
 s - a potion of flight


   Skills:
 - Level 3.2 Fighting
 - Level 6.8 Maces & Flails
 * Level 10.7 Polearms
 + Level 10.2 Armour
 + Level 11.2 Shields
 + Level 5.2 Invocations


You had 11 spell levels left.
You didn't know any spells.
Your spell library contained the following spells:

 Spells                   Type           Power      Damage    Failure   Level
 Beastly Appendage        Tmut           0%         N/A       99%         1
 Foxfire                  Conj/Fire      0%         2x1d4     99%         1
 Ensorcelled Hibernation  Hex/Ice        0%         N/A       99%         2
 Wereblood                Tmut           0%         N/A       99%         2
 Conjure Flame            Conj/Fire      0%         6-21      100%        3
 Gell's Gravitas          Tloc           0%         N/A       100%        3
 Inner Flame              Hex/Fire       0%         N/A       100%        3
 Lesser Beckoning         Tloc           0%         N/A       100%        3
 Spider Form              Tmut/Pois      0%         N/A       100%        3
 Teleport Other           Tloc           0%         N/A       100%        3
 Tukima's Dance           Hex            0%         N/A       100%        3
 Airstrike                Air            0%         N/A       100%        4
 Flame Wave               Conj/Fire      0%         3d3       100%        4
 Olgreb's Toxic Radiance  Pois           0%         N/A       100%        4
 Summon Lightning Spire   Summ/Air       0%         N/A       100%        4
 Blade Hands              Tmut           0%         N/A       100%        5
 Irradiate                Conj/Tmut      0%         3d13      100%        5
 Lightning Bolt           Conj/Air       0%         1d11      100%        5
 Dragon Form              Tmut           0%         N/A       100%        7
 Ozocubu's Refrigeration  Ice            0%         4d5       100%        7
 Ignition                 Fire           0%         3d3       100%        8


Dungeon Overview and Level Annotations

Branches:
Dungeon (12/15)            Temple (1/1) D:5            Lair (0/6) D:11
    Orc (0/2) D:11

Altars:
Ashenzari
Cheibriados
Dithmenos
Elyvilon
Fedhas
Gozag
Hepliaklqana
Kikubaaqudgha
Makhleb
Nemelex Xobeh
Okawaru
Qazlal
Ru
Sif Muna
Trog
Uskayaw
Vehumet
Wu Jian
Xom
Yredelemnul
Zin
The Shining One

Shops:
D:2 (   D:10 !

Portals:
Abyss: D:5

Annotations:
D:3 1 transporter, cheechan's ghost, weakling BaDe
D:5 2 transporters, a11behringer's ghost, amateur TrBe
D:12 Fannar


Innate Abilities, Weirdness & Mutations

You cannot be hasted, slowed, berserked, paralysed or teleported.
You can dig through walls and to a lower floor.
You have a pair of large antennae on your head. (SInv)
Your four strong arms can wield two-handed weapons with a shield.


Message History

The large rock hits you but does no damage.
Fannar points at you and mumbles some strange words.
The bolt of cold hits you.
You reach to attack!
You slice Fannar!!
Fannar is moderately wounded.
Your +8 glaive of the Guard {elec, spectral, AC+5} barely misses Fannar.
You are engulfed in dark miasma.
You are more poisoned.
You feel extremely sick.
The death drake bites your +8 glaive of the Guard {elec, spectral, AC+5}.
The cyclops throws a large rock.
The large rock barely misses your +8 glaive of the Guard {elec, spectral, AC+5}.
The large rock barely misses you.
Fannar hits your +8 glaive of the Guard {elec, spectral, AC+5} with a staff of cold.
Your spectral weapon shares its damage with you!
Fannar freezes your +8 glaive of the Guard {elec, spectral, AC+5}!
Your spectral weapon shares its damage with you!
You could not reach far enough!
You feel extremely sick. The death drake barely misses you.
Unknown command.
You feel very sick.
Fannar casts a spell.
Unknown command.
You feel very sick. The death drake breathes miasma at you.
The foul vapour misses you.
You are engulfed in dark miasma.
You are lethally poisoned!
Your stasis prevents you from being slowed.
* * * LOW HITPOINT WARNING * * *
x2 You feel extremely sick.
The death drake bites you but does no damage.
You feel much better.
You are engulfed in dark miasma.
You are more poisoned.
* * * LOW HITPOINT WARNING * * *
x2 You feel extremely sick.
Fannar casts a spell at you. The bolt of cold hits you!!
You die...

##. . .... ..
#####..... ...
+.°°...# .... #°@##+##
..... #°k##..#
......#°°##..+
.....{e.°°...#
....(Y#......########
.>....#..##..##.....##
..... #..##..##......#
..?.. #..##..........#
.+ ....
#...#..........#..#


You could see Fannar, a death drake and an ice beast (summoned).

Vanquished Creatures
  A hydra (D:11)
  4 two-headed ogres
  Maggie (D:6)
  An unseen horror (D:11)
  A komodo dragon (D:11)
  A kobold demonologist (D:11)
  2 trolls
  2 shadows
  2 wraiths (D:11)
  A vampire (D:10)
  5 yaks (D:11)
  11 vampire mosquitoes
  A steam dragon (D:8)
  Duvessa (D:4)
  A water moccasin (D:9)
  3 orc warriors
  3 necrophages
  A black bear (D:8)
  4 ogres
  2 centaurs (D:7)
  A kobold brigand (D:9)
  3 bullfrogs
  A wyvern zombie (D:9)
  2 gnoll sergeants (D:10)
  Dowan (D:4)
  6 killer bees (D:10)
  14 wights
  3 howler monkeys (D:9)
  A centaur zombie (D:9)
  A jelly (D:7)
  2 hounds (D:5)
  3 orc priests
  2 bullfrog skeletons
  Crazy Yiuf (D:7)
  A gnoll shaman (D:7)
  2 iguanas
  6 orc wizards
  2 killer bee zombies
  2 howler monkey zombies
  13 gnolls
  5 adders
  2 adder skeletons (D:4)
  4 worms
  A dart slug (D:2)
  17 orcs
  3 endoplasms
  A giant cockroach (D:4)
  2 goblins
  4 hobgoblins
  6 jackals
  9 kobolds
  A quokka (D:3)
  4 ball pythons
  6 bats
  8 frilled lizards
  4 rats
192 creatures vanquished.

Vanquished Creatures (others)
  7 plants
7 creatures vanquished.

Grand Total: 199 creatures vanquished

Notes
Turn   | Place    | Note
-------+----------+-------------------------------------------
     0 | D:1      | mordus the Formicid Fighter began the quest for the Orb.
     0 | D:1      | Reached XP level 1. HP: 18/18 MP: 1/1
    91 | D:1      | Found a faded altar of an unknown god.
   327 | D:1      | Reached XP level 2. HP: 24/24 MP: 2/2
  1121 | D:2      | Reached XP level 3. HP: 29/29 MP: 3/3
  1122 | D:2      | Reached skill level 4 in Shields
  1165 | D:2      | Found Mamimuh's Antique Weapon Shoppe.
  1726 | D:2      | Reached XP level 4. HP: 35/35 MP: 4/4
  2147 | D:3      | Reached XP level 5. HP: 36/41 MP: 5/5
  2293 | D:3      | Found a transporter.
  2293 | D:3      | Noticed cheechan's ghost (weakling BaDe)
  2294 | D:3      | Identified the +11 dire flail of Beugum {vorpal, rElec
                  | rPois Will+ rCorr}
  2294 | D:3      | Noticed an ogre
  2450 | D:3      | Found a snail-covered altar of Cheibriados.
  2680 | D:4      | Found the +8 glaive of the Guard {elec, spectral, AC+5}
  2772 | D:4      | Noticed an ogre
  2775 | D:4      | Killed an ogre
  2776 | D:4      | Reached XP level 6. HP: 47/47 MP: 6/6
  2979 | D:4      | Noticed an ogre
  2982 | D:4      | Killed an ogre
  2983 | D:4      | Reached skill level 5 in Shields
  3105 | D:4      | Noticed an ogre
  3107 | D:4      | Killed an ogre
  3108 | D:4      | Reached skill level 5 in Maces & Flails
  3108 | D:4      | Reached XP level 7. HP: 52/52 MP: 7/7
  3221 | D:4      | Noticed Duvessa
  3222 | D:4      | Noticed Dowan
  3225 | D:4      | Killed Duvessa
  3226 | D:4      | Reached skill level 5 in Armour
  3227 | D:4      | Killed Dowan
  3534 | D:5      | Entered Level 5 of the Dungeon
  3828 | D:5      | Found a transporter.
  3834 | D:5      | Found a transporter.
  3995 | D:5      | Reached skill level 6 in Shields
  4135 | D:5      | Found a staircase to the Ecumenical Temple.
  4277 | D:5      | Found a one-way gate to the infinite horrors of the Abyss.
  4277 | D:5      | Noticed a11behringer's ghost (amateur TrBe)
  4293 | Temple   | Entered the Ecumenical Temple
  4501 | Temple   | Became a worshipper of the Shining One
  5087 | D:6      | Noticed Maggie
  5092 | D:6      | Killed Maggie
  5093 | D:6      | Reached XP level 8. HP: 58/58 MP: 8/8
  5102 | D:6      | Found a sacrificial altar of Ru.
  5313 | D:6      | Reached skill level 1 in Polearms
  5530 | D:7      | Found an iron altar of Okawaru.
  5564 | D:7      | Reached skill level 7 in Shields
  5588 | D:7      | Noticed a shadow
  5592 | D:7      | Killed a shadow
  5593 | D:7      | Reached XP level 9. HP: 54/64 MP: 9/9
  5657 | D:7      | You fall into a shaft and drop 1 floor!
  5722 | D:8      | Found a blossoming altar of Fedhas.
  5759 | D:7      | Identified the +0 leather armour of Dogma {Rampage rN+
                  | Int-3}
  5830 | D:7      | Found a runed translucent door.
  5831 | D:7      | Noticed Crazy Yiuf
  5835 | D:7      | Killed Crazy Yiuf
  6026 | D:7      | Found a shadowy altar of Dithmenos.
  6080 | D:7      | Reached * piety under the Shining One
  6089 | D:7      | Reached skill level 8 in Shields
  6098 | D:7      | Reached skill level 5 in Polearms
  6286 | D:7      | Noticed a troll
  6290 | D:7      | Killed a troll
  6666 | D:8      | Noticed a two-headed ogre
  6671 | D:8      | Killed a two-headed ogre
  6672 | D:8      | Reached XP level 10. HP: 68/70 MP: 10/10
  6677 | D:8      | Reached skill level 9 in Shields
  7284 | D:9      | Noticed a two-headed ogre
  7287 | D:9      | Killed a two-headed ogre
  7297 | D:9      | Reached ** piety under the Shining One
  7670 | D:9      | Found a shimmering blue altar of Sif Muna.
  7707 | D:9      | Found a hide-covered altar of Uskayaw.
  8408 | D:10     | Entered Level 10 of the Dungeon
  8410 | D:10     | Reached skill level 1 in Invocations
  8596 | D:10     | Reached skill level 10 in Shields
  8607 | D:10     | Reached XP level 11. HP: 74/75 MP: 10/12
  8667 | D:10     | Reached *** piety under the Shining One
  8831 | D:10     | Found Unasimpe's Distillery.
  8844 | D:10     | Bought a potion of degeneration for 13 gold pieces
  9097 | D:11     | Found a staircase to the Orcish Mines.
  9105 | D:11     | Noticed a two-headed ogre
  9109 | D:11     | Killed a two-headed ogre
  9142 | D:11     | Found a staircase to the Lair.
  9258 | D:11     | Reached skill level 10 in Polearms
  9350 | D:11     | Noticed a two-headed ogre
  9354 | D:11     | Killed a two-headed ogre
  9355 | D:11     | Reached skill level 10 in Armour
  9426 | D:11     | Reached skill level 11 in Shields
  9489 | D:11     | Noticed a sun demon
  9490 | D:11     | Noticed a sun demon
  9613 | D:11     | Noticed a seven-headed hydra
  9617 | D:11     | Killed a nine-headed hydra
  9618 | D:11     | Reached skill level 5 in Invocations
 10052 | D:12     | Noticed a cyclops
 10052 | D:12     | Noticed Fannar
 10055 | D:12     | Reached **** piety under the Shining One
 10055 | D:12     | Noticed a death drake
 10056 | D:12     | Reached XP level 12. HP: 76/81 MP: 15/15
 10062 | D:12     | HP: 4/81 [poisoned by a death drake (dark miasma)]
 10063 | D:12     | Killed from afar by Fannar

Illustrated notes

Levels and vault maps discovered:
D:1:      scummos_arrival_simple_crosswalls, layout_basic,
          ebering_ecumenical_altar_abandoned, minmay_misc_feat_four_crosses
D:2:      layout_basic, serial_shops, shop
D:3:      layout_basic, cheibrodos_worm_habitat, gammafunk_ghost_smash,
          wad_rectangle_vault
D:4:      layout_loops_corners, uniq_duvessa
D:5:      layout_layer_cave, minmay_temple_entry_waves,
          gammafunk_ghost_abyssal_escape, chequers_big_river,
          wad_floor_pattern_1
D:6:      minmay_evil_eye, layout_basic, nicolae_ru_the_path_less_chosen,
          minmay_misc_feat_diagonals, minmay_misc_feat_hallway, uniq_maggie
D:7:      layout_layer_cave, nicolae_dithmenos_through_a_glass_darkly,
          mainiacjoe_overflow_surrounded_room, uniq_crazy_yiuf_cottage
D:8:      layout_basic, fedhas_ov_isle_minmay
D:9:      layout_grid_maze, mainiacjoe_overflow_catch_the_wave,
          item_on_display_a
D:10:     layout_loops_ring, serial_shops, shop, grunt_decor_cap
D:11:     layout_long_grid, david_lair_shrubbed, orc_0_dummy
D:12:     layout_gridville, uniq_fannar
Temple:   regret_index_temple_generic_petals

Skill      XL: |  1  2  3  4  5  6  7  8  9 10 11 |
---------------+----------------------------------+-----
Shields        | 4 5 6 7 8 10 11 | 11.2
Maces & Flails | 3 4 5 6 |  6.8
Armour         | 4 6 8 9 10 | 10.2
Polearms       | 3 6 8 10 | 10.7
Invocations    | 1 5 |  5.2
Fighting       | |  3.2

Action                   |  1- 3 |  4- 6 |  7- 9 | 10-12 || total
-------------------------+-------+-------+-------+-------++-------
Melee: Flail             |    47 |       |       |       ||    47
       Whip              |    14 |    71 |       |       ||    85
       Glaive            |       |    12 |    57 |   120 ||   189
  Use: Scroll            |       |       |       |    16 ||    16
       Potion            |       |       |       |     1 ||     1
Armor: Scale mail        |    17 |       |       |       ||    17
       Chain mail        |     6 |    26 |       |       ||    32
       Plate armour      |       |       |    13 |    21 ||    34
Dodge: Dodged            |    22 |    26 |     9 |    18 ||    75
Block: Buckler           |     7 |    17 |    16 |    29 ||    69
       Reflection        |       |       |     6 |     1 ||     7

Table legend: (Time is in decaauts)
 A = Elapsed time spent in this place.
 B = Non-inter-level travel time spent in this place.
 C = Inter-level travel time spent in this place.
 D = Time resting spent in this place.
 E = Time spent auto-exploring this place.
 F = Levels seen in this place.
 G = Mean time per level.
                   A        B        C        D        E       F      G
               +--------+--------+--------+--------+--------+-----+--------+
         Total |  10172 |   9774 |    398 |    380 |   8032 |  13 |  782.5 |
       Dungeon |   9891 |   9528 |    363 |    380 |   7795 |  12 |  824.2 |
        Temple |    280 |    245 |     35 |      0 |    237 |   1 |  280.0 |
               +--------+--------+--------+--------+--------+-----+--------+

Top non-repeatable levels by time:
     D:9: 1397 daAuts
     D:5: 1131 daAuts
     D:1: 1092 daAuts
     D:7: 968 daAuts
    D:11: 935 daAuts
     D:4: 896 daAuts
     D:2: 846 daAuts
     D:3: 733 daAuts
    D:10: 699 daAuts
     D:6: 587 daAuts
     D:8: 567 daAuts
  Temple: 280 daAuts
    D:12: 37 daAuts
